 Dungeon Crawl Stone Soup version 0.27-a0-951-gae3e1deef5 (webtiles) character file.

Game seed: 9598822155338351620

1240 polve the Skirmisher (level 8, -7/67 HPs)
             Began as a Demonspawn Abyssal Knight on Apr 11, 2021.
             Was a Priest of Lugonu.
             Mangled by a vampire (8 damage)
             ... on level 6 of the Dungeon.
             The game lasted 00:04:08 (6118 turns).

polve the Skirmisher (Demonspawn Abyssal Knight)    Turns: 6118, Time: 00:04:09

Health: -7/67      AC: 14    Str: 14    XL:     8   Next: 25%
Magic:  9/9        EV:  4    Int: 14    God:    Lugonu [***...]
Gold:   293        SH:  0    Dex: 13    Spells: 7/7 levels left

rFire    + . .     SeeInvis .   r - +0 rapier
rCold    . . .     Faith    .   (no shield)
rNeg     + . .     Spirit   .   p - +0 plate armour
rPois    .         Reflect  .   (helmet restricted)
rElec    .         Harm     .   (no cloak)
rCorr    .         Rampage  .   (no gloves)
Will     .....                  (no boots)
Stlth    ..........             (no amulet)
HPRegen  0.21/turn              b - ring of protection from fire
MPRegen  0.11/turn              h - ring of positive energy

@: attractive
A: horns 1, slimy green scales 1, ignite blood 1, spiny 1
a: Renounce Religion, Depart the Abyss, Bend Space, Banish


You were on level 6 of the Dungeon.
You worshipped Lugonu.
Lugonu was most pleased with you.
You visited 1 branch of the dungeon, and saw 6 of its levels.
You visited the Abyss 1 time.

You collected 293 gold pieces.

Inventory:

Hand Weapons
 r - a +0 rapier (weapon)
Armour
 p - a +0 plate armour (worn)
Jewellery
 b - a ring of protection from fire (left hand)
 h - a ring of positive energy (right hand)
 j - a ring of fire
 m - a ring of wizardry
Wands
 n - a wand of mindburst (8)
Scrolls
 c - 3 scrolls of identify {unknown}
 f - 2 scrolls of fog {unknown}
 g - a scroll of summoning {unknown}
 i - 3 scrolls of teleportation {unknown}
 l - 3 scrolls of vulnerability {unknown}
 o - 4 scrolls of blinking {unknown}
 q - a scroll of enchant armour {unknown}
 v - a scroll of noise {unknown}
 w - a scroll of amnesia {unknown}
Potions
 d - a potion of lignification
 e - a potion of invisibility {unknown}
 k - a potion of flight {unknown}
 t - 2 potions of berserk rage {unknown}
 u - a potion of ambrosia {unknown}


   Skills:
 + Level 7.1 Fighting
 - Level 4.0 Short Blades
 + Level 6.1 Armour
 - Level 0.8 Dodging
 - Level 2.4 Invocations


You had 7 spell levels left.
You didn't know any spells.
Your spell library contained the following spells:

 Spells                   Type           Power      Damage    Failure   Level
 Animate Skeleton         Necr           0%         N/A       100%        1
 Apportation              Tloc           0%         N/A       100%        1
 Corona                   Hex            0%         N/A       100%        1
 Summon Small Mammal      Summ           0%         N/A       100%        1
 Bolt of Magma            Conj/Fire/Erth 0%         4d4       100%        5
 Iskenderun's Battlesphe  Conj           0%         2d6       100%        5
 Iron Shot                Conj/Erth      0%         9d1       100%        6
 Orb of Destruction       Conj           0%         N/A       100%        7
 Spellforged Servitor     Conj/Summ      0%         N/A       100%        7


Dungeon Overview and Level Annotations

Branches:
Dungeon (6/15)
 Temple: D:4-7

Altars:
Hepliaklqana
Kikubaaqudgha
Okawaru
Vehumet
The Shining One


Innate Abilities, Weirdness & Mutations

You have a pair of small horns on your head.
You are partially covered in slimy green scales. (AC +2)
Your demonic aura sometimes causes spilled blood to erupt in flames You are partially covered in sharp spines.


Message History

Something bites you but does no damage.
You hit something but do no damage. Something hits you.
Something bites you but does no damage.
You miss something. You headbutt something.
Something hits you but does no damage. Something bites you.
You hit something but do no damage. Something hits you.
Something bites you but does no damage.
You hit something but do no damage. Your headbutt misses something.
Something hits you! Something bites you.
You hit something but do no damage.
You hear some strange, mumbled words.
You are confused.
You bump into the rock wall.
Something hits you but does no damage. Something bites you!
* * * LOW HITPOINT WARNING * * *
It was a potion of attraction.
You feel attractive to monsters. Something hits you!
* * * LOW HITPOINT WARNING * * *
Something bites you.
* * * LOW HITPOINT WARNING * * *
It was a potion of curing.
You feel better.
You hear some strange, mumbled words.
You are confused.
You feel better. Something hits you but does no damage. Something bites you.
* * * LOW HITPOINT WARNING * * *
Something draws strength from your injuries!
You barely miss something. Something hits you but does no damage.
Something bites you but does no damage.
You closely miss something. Your headbutt misses something. Something hits you.
* * * LOW HITPOINT WARNING * * *
Something bites you but does no damage.
You closely miss something. Something hits you but does no damage.
Something bites you!
* * * LOW HITPOINT WARNING * * *
Something draws strength from your injuries!
You miss something. You headbutt something. Something hits you!
* * * LOW HITPOINT WARNING * * *
Something bites you!
You die...

#.............### ...
#)............#.. ##.##
#.............#.# #....
#.....).......#.# .
...#. #.............#.#
#.# .....
#...######.####.# ...
...#. #.............#.#
..# .....
#....#####.##.#{#...#
.#...
####..........#@....#
....# ######.#.......$##
....# #................#
.## ###..#.#............
######..<......#.###.###
#..........#.#.#... ...
# #..........#...#...#
### #........###.###...#
#............<.....# ##


There were no monsters in sight!

Vanquished Creatures
  A wyvern (D:5)
  A water moccasin (D:5)
  A black bear (D:4)
  2 sky beasts
  An ogre (D:5)
  3 scorpions
  4 jellies
  2 bullfrog skeletons
  A hound (D:4)
  A centaur skeleton (D:6)
  An iguana (D:6)
  An orc wizard (D:3)
  4 adders
  3 gnolls (D:3)
  A white imp (D:5)
  An adder skeleton (D:5)
  A worm (D:2)
  10 orcs
  2 bat zombies (D:4)
  9 endoplasms
  A giant cockroach (D:1)
  8 goblins
  5 hobgoblins
  5 jackals
  7 kobolds
  5 quokkas
  6 ball pythons
  3 bats
  7 frilled lizards
  A jackal skeleton (D:4)
  A quokka skeleton (D:4)
  5 rats
104 creatures vanquished.

Notes
Turn   | Place    | Note
-------+----------+-------------------------------------------
     0 | Abyss:1  | polve the Demonspawn Abyssal Knight began the quest for the
                  | Orb.
     0 | Abyss:1  | Reached XP level 1. HP: 18/18 MP: 2/2
    94 | Abyss:1  | Noticed a flying skull
   100 | D:1      | Escaped the Abyss
   511 | D:1      | Reached * piety under Lugonu
   736 | D:1      | Found a faded altar of an unknown god.
   756 | D:1      | Gained mutation: You have a pair of small horns on your
                  | head. [demonic ancestry]
   756 | D:1      | Reached XP level 2. HP: 13/24 MP: 3/3
  1369 | D:2      | Gained mutation: Your demonic aura sometimes causes spilled
                  | blood to erupt in flames [demonic ancestry]
  1369 | D:2      | Reached XP level 3. HP: 19/29 MP: 4/4
  1384 | D:2      | HP: 2/43 [goblin/+0 club (1)]
  2397 | D:2      | Reached XP level 4. HP: 21/35 MP: 5/5
  2861 | D:3      | Reached ** piety under Lugonu
  2862 | D:3      | Gained mutation: You are partially covered in sharp spines.
                  | [demonic ancestry]
  2862 | D:3      | Reached XP level 5. HP: 15/41 MP: 6/6
  3512 | D:4      | Reached skill level 4 in Fighting
  3633 | D:4      | Found a radiant altar of Vehumet.
  3707 | D:4      | Noticed a black bear
  3712 | D:4      | Killed a black bear
  3713 | D:4      | Gained mutation: You are partially covered in slimy green
                  | scales. (AC +2) [demonic ancestry]
  3713 | D:4      | Reached XP level 6. HP: 46/49 MP: 7/7
  3817 | D:4      | Found a hazy altar of Hepliaklqana.
  4148 | D:4      | Found an iron altar of Okawaru.
  4359 | D:4      | Found an ancient bone altar of Kikubaaqudgha.
  4424 | D:4      | Reached skill level 5 in Fighting
  4644 | D:5      | Entered Level 5 of the Dungeon
  4702 | D:5      | Reached XP level 7. HP: 49/56 MP: 8/8
  4799 | D:5      | Reached *** piety under Lugonu
  5503 | D:5      | You fall into a shaft and drop 1 floor!
  5513 | D:6      | Reached skill level 6 in Fighting
  5513 | D:6      | Reached skill level 5 in Armour
  5891 | D:6      | Noticed a wyvern
  5904 | D:5      | Killed a wyvern
  5905 | D:5      | Reached XP level 8. HP: 43/65 MP: 9/9
  6029 | D:6      | Reached skill level 7 in Fighting
  6118 | D:6      | HP: 1/67 [something (8)]
  6118 | D:6      | Mangled by a vampire

Illustrated notes

Levels and vault maps discovered:
D:1:      giann_forest_graveyard, layout_basic,
          hellmonk_ecumenical_altar_blasted, bh_walls_and_bars
D:2:      layout_basic, chequers_serial_rivers_micro_e,
          minmay_fractal_squares_gapless_5
D:3:      layout_basic, minmay_fountain_box, roderic_roman_lattice
D:4:      layout_loops_corners, kennysheep_mini, overflow_temple_1_default,
          lemuel_zombie_altar_kikubaaqudgha, kennysheep_mini_moat,
          tso_metal_star
D:5:      layout_basic, lemuel_flame_loot_1
D:6:      layout_basic, temple_fountains

Skill      XL: |  1  2  3  4  5  6  7  8 |
---------------+-------------------------+-----
Short Blades   | 2 3 4 |  4.0
Armour         | 2 3 4 5 6 |  6.1
Fighting       | 4 5 6 7 |  7.1
Dodging        | |  0.8
Invocations    | |  2.4

Action                   |  1- 3 |  4- 6 |  7- 9 || total
-------------------------+-------+-------+-------++-------
Melee: Short sword       |   111 |    84 |       ||   195
       Headbutt          |     9 |    17 |    11 ||    37
       Unarmed           |     1 |       |       ||     1
       Rapier            |       |    64 |    90 ||   154
Invok: Depart the Abyss  |     1 |       |       ||     1
  Use: Potion            |     1 |       |     3 ||     4
Armor: Chain mail        |    83 |    18 |       ||   101
       Leather armour    |     3 |       |       ||     3
       Skin              |     8 |       |       ||     8
       Plate armour      |       |    85 |    79 ||   164
Dodge: Dodged            |    38 |    30 |    14 ||    82

Table legend: (Time is in decaauts)
 A = Elapsed time spent in this place.
 B = Non-inter-level travel time spent in this place.
 C = Inter-level travel time spent in this place.
 D = Time resting spent in this place.
 E = Time spent auto-exploring this place.
 F = Levels seen in this place.
 G = Mean time per level.
                   A        B        C        D        E       F      G
               +--------+--------+--------+--------+--------+-----+--------+
         Total |   6101 |   5946 |    155 |    299 |   4932 |   7 |  871.6 |
       Dungeon |   6001 |   5846 |    155 |    299 |   4840 |   6 | 1000.2 |
         Abyss |    100 |    100 |      0 |      0 |     92 |   1 |  100.0 |
               +--------+--------+--------+--------+--------+-----+--------+

Top non-repeatable levels by time:
     D:2: 1310 daAuts
     D:1: 1158 daAuts
     D:4: 1140 daAuts
     D:5: 1067 daAuts
     D:3: 916 daAuts
     D:6: 408 daAuts
 Abyss:1: 100 daAuts
